 Dungeon Crawl Stone Soup version 0.30.0-16-gbe6223bb7e (webtiles) character file.

Game seed: 781939126933880874

29 bmack86 the Insei (level 3, -2/23 HPs)
             Began as an Octopode Transmuter on May 20, 2023.
             Slain by an orc
             ... wielding a +0 club
              (3 damage)
             ... on level 3 of the Dungeon.
             The game lasted 00:05:35 (1185 turns).

bmack86 the Insei (Octopode Transmuter)             Turns: 1185, Time: 00:05:37

Health: -2/23      AC:  1    Str:  9    XL:     3   Next: 16%
Magic:  0/7        EV: 12    Int: 17    God:
Gold:   32         SH:  6    Dex: 14    Spells: 7/8 levels left

rFire   + + .        d - +3 spear
rCold   . . .        g - +3 buckler of a bazaar {rF++ Regen+ Dex+2 Stlth+}
rNeg    . . .        (helmet restricted)
rPois   .            (no amulet)
rElec   .            (no ring)
rCorr   .            (no ring)
SInv    .            (no ring)
Will    .....        (no ring)
Stlth   +++          (no ring)
HPRegen 1.03/turn    (no ring)
MPRegen 0.10/turn    (no ring)
                     (no ring)

%: no passive effects
@: no status effects
A: almost no armour, amphibious, 8 rings, camouflage 1, gelatinous body 1,
(nimble swimmer 1), tentacles
a: no special abilities


You were on level 3 of the Dungeon.
You visited 1 branch of the dungeon, and saw 4 of its levels.

You collected 32 gold pieces.

Inventory:

Hand Weapons
 b - a +0 rapier
 d - a +3 spear (weapon)
Missiles
 e - 4 poisoned darts
Armour
 g - the +3 buckler of a bazaar (worn) {rF++ Regen+ Dex+2 Stlth+}
   (You acquired it on level 1 of the Dungeon)

   Dex:       It affects your dexterity (+2).
   rF:        It greatly protects you from fire.
   Regen:     It increases your rate of health regeneration.
   Stlth:     It makes you more stealthy.
Scrolls
 c - a scroll of immolation
Potions
 a - 3 potions of lignification
 f - 2 potions of heal wounds {unknown}
 h - a potion of ambrosia {unknown}
 i - 2 potions of magic {unknown}


   Skills:
 - Level 1.0 Fighting
 - Level 2.0 Dodging
 - Level 3.0 Unarmed Combat
 * Level 3.0 Spellcasting
 + Level 2.5 Transmutations


You had 7 spell levels left.
You knew the following spells:

 Your Spells              Type           Power      Damage    Failure   Level
a - Beastly Appendage     Tmut           22%        N/A       10%         1

Your spell library contained the following spells:

 Spells                   Type           Power      Damage    Failure   Level
 Wereblood                Tmut           11%        N/A       14%         2
 Spider Form              Tmut/Pois      6%         N/A       43%         3
 Ice Form                 Ice/Tmut       6%         N/A       85%         4


Dungeon Overview and Level Annotations

Branches:
Dungeon (4/15)
 Temple: D:4-7

Altars:


Innate Abilities, Weirdness & Mutations

You cannot wear most types of armour.
You are amphibious.
You can wear up to eight rings at the same time.
Your skin changes colour to match your surroundings (Stealth+).
Your rubbery body absorbs attacks. (AC +1, EV +1)
((You are camouflaged when in or above water. (Stealth+)))
You have tentacles for arms and can constrict up to eight enemies at once.


Message History

Aim: a hobgoblin (about 36% to evade your +3 spear)
You hit the hobgoblin. You grab the hobgoblin.
The hobgoblin is almost dead.
You constrict the hobgoblin, but do no damage.
The bat hits you but does no damage.
The orc hits you from afar with a +2 antimagic trident.
You feel your power leaking away. The orc hits you with a +0 mace.
The hobgoblin hits you.
You release your grip on the hobgoblin.
The bat misses you. The orc barely misses you. You block the orc's attack.
The hobgoblin hits you but does no damage.
You climb downwards.
There is a stone staircase leading up here.
You hit the orc. Your grab misses the orc.
The orc is heavily wounded.
You block the hobgoblin's attack. The orc hits you with a +0 mace.
You block the orc's attack. The hobgoblin hits you.
You puncture the orc!
You kill the orc!
The hobgoblin closely misses you.
You puncture the hobgoblin!
You kill the hobgoblin!
Your Spellcasting skill increases to level 3!
You start resting.
HP restored.
You start resting.
Magic restored.
You climb upwards.
The orc barely misses you. The orc hits you with a +0 club. x2
The orc hits you from afar with a +2 antimagic trident!
* * * LOW HITPOINT WARNING * * *
You feel your power leaking away.
There is a stone staircase leading down, spattered with blood here.
You hit the orc. You grab the orc.
The orc is severely wounded.
You constrict the orc. You block the bat's attack.
The orc hits you from afar with a +2 antimagic trident!
* * * LOW HITPOINT WARNING * * *
You feel your power leaking away. The orc hits you with a +0 club.
You die...

#. #. #. .##
..# #.# #.#
#@#
.:....)o.....#
#####o.b.....#
#........#
#........#
#........#
#........#
#........#


You could see 2 orcs and a bat.

Vanquished Creatures
  A dart slug (D:1)
  3 orcs
  A bat (D:2)
  A giant cockroach (D:1)
  2 hobgoblins
  2 jackals (D:2)
  3 kobolds
  3 quokkas
  A ball python (D:2)
  A frilled lizard (D:2)
  2 goblins (D:1)
  2 rats (D:1)
22 creatures vanquished.

Notes
Turn   | Place    | Note
-------+----------+-------------------------------------------
     0 | D:1      | bmack86 the Octopode Transmuter began the quest for the
                  | Orb.
     0 | D:1      | Reached XP level 1. HP: 13/13 MP: 3/3
   328 | D:1      | Reached XP level 2. HP: 18/18 MP: 5/5
   846 | D:1      | Identified a scroll of acquirement
   846 | D:1      | Acquired the +3 buckler of a bazaar {rF++ Regen+ Dex+2
                  | Stlth+}
  1145 | D:2      | You fall into a shaft and drop 2 floors!
  1151 | D:3      | Reached XP level 3. HP: 23/23 MP: 7/7
  1185 | D:3      | HP: 1/23 [orc/+2 antimagic trident (7)]
  1185 | D:3      | Slain by an orc

Illustrated notes

Levels and vault maps discovered:
D:1:      psy_arrival_conway, layout_basic, nicolae_kite_square_tiling_tiny
D:2:      layout_basic, minmay_fractal_squares_gapless_5, uniq_terence
D:3:      layout_rooms, uniq_crazy_yiuf_cottage
D:4:      layout_basic, kiku_gazebo_garden_becter, dilly_guarded_unrand_morg

Skill      XL: |  1  2  3 |
---------------+----------+-----
Spellcasting   | 3 |  3.0
Fighting       | |  1.0
Dodging        | |  2.0
Unarmed Combat | |  3.0
Transmutations | |  2.5

Action                     || total
---------------------------++-------
  Melee: Unarmed           ||    22
         Constrict         ||    16
         Tentacles         ||    12
         Spear             ||    34
         Punch             ||     1
    Use: Scroll            ||     4
   Stab: Sleeping          ||     4
 Armour: Skin              ||     8
  Dodge: Dodged            ||    18
  Block: Buckler           ||    10
